 Dungeon Crawl Stone Soup version 0.27-a0-291-gd9602db6ee (webtiles) character file.

Game seed: 3404376977789650635

1 skwiii the Vexing (level 1, 18/18 HPs)
             Began as a Troll Arcane Marksman on Feb 10, 2021.
             Got out of the dungeon alive.
             The game lasted 00:00:49 (65 turns).

skwiii the Vexing (Troll Arcane Marksman)             Turns: 65, Time: 00:00:49

Health: 18/18      AC:  6    Str: 17    XL:     1   Next: 16%
Magic:  1/1        EV:  9    Int:  9    God:
Gold:   0          SH:  0    Dex: 10    Spells: 1/2 levels left

rFire    . . .     SeeInvis .   a - +0 hand crossbow
rCold    . . .     Faith    .   (no shield)
rNeg     . . .     Spirit   .   e - +0 robe
rPois    .         Reflect  .   (helmet restricted)
rElec    .         Harm     .   (no cloak)
rCorr    .         Rampage  .   (gloves unavailable)
Will     .....                  (boots unavailable)
Stlth    +.........             (no amulet)
HPRegen  0.46/turn              (no ring)
MPRegen  0.07/turn              (no ring)

@: no status effects
A: large, unfitting armour, claws 3, regeneration 1, shaggy fur 1, tough skin 3
a: no special abilities


You escaped.
You visited 1 branch of the dungeon, and saw 2 of its levels.

Inventory:

Hand Weapons
 a - a +0 hand crossbow (weapon)
Missiles
 d - 13 bolts (quivered ammo)
Armour
 e - a +0 robe (worn)


   Skills:
 - Level 0.7 Fighting
 + Level 1.2 Crossbows
 - Level 1.5 Dodging
 * Level 1.0 Spellcasting
 + Level 2.0 Hexes


You had one spell level left.
You knew the following spells:

 Your Spells              Type           Power        Failure   Level
a - Corona                Hex            4%           16%         1

Your spell library contained the following spells:

 Spells                   Type           Power        Failure   Level
 Slow                     Hex            4%           24%         2
 Inner Flame              Hex/Fire       2%           58%         3
 Portal Projectile        Hex/Tloc       4%           58%         3
 Cause Fear               Hex            2%           85%         4
 Leda's Liquefaction      Hex/Erth       1%           94%         4


Dungeon Overview and Level Annotations

Branches:
Dungeon (2/15)

Altars:


Innate Abilities, Weirdness & Mutations

You are too large for most types of armour.
You have claws for hands.
Your natural rate of healing is unusually fast.
You are covered in fur. (AC +1)
You have extremely tough skin. (AC +3)


Message History

Press: ? - help, Q - select action, (/) - cycle Shift-Dir - straight line, f - you Really target yourself?
Okay, then.
d - 13 bolts (gained 4)
There is a staircase leading out of the dungeon here.
There is a stone staircase leading down here.
You climb downwards.
Found a robe.
There is a stone staircase leading up here.
You climb upwards.
There is a stone staircase leading down here.
There is a stone staircase leading down here.
You can't go up here!
There is a stone staircase leading down here.
Unknown command.
Unknown command.
There is a staircase leading out of the dungeon here.
You can't go down here!
Are you sure you want to leave the Dungeon?
This will make you lose the game!
You have escaped!

#..# ## ....##
###.. ....## >...#
....# ##...
#..###....#
######.(.#..##.#
#.....(#...###.##
#@....§.........#
#>.....#....(#..#
#...§....###......
######..## ######.
#.## # ...# #.#.#
#.#.# #.#


There were no monsters in sight!

Vanquished Creatures
  A frilled lizard (D:1)
  A rat (D:1)
2 creatures vanquished.

Notes
Turn   | Place    | Note
-------+----------+-------------------------------------------
     0 | D:1      | skwiii the Troll Arcane Marksman began the quest for the
                  | Orb.
     0 | D:1      | Reached XP level 1. HP: 18/18 MP: 1/1
    65 | D:$      | Got out of the dungeon alive.

Illustrated notes

Levels and vault maps discovered:
D:1:      dpeg_arrival_fog, layout_rooms, chequers_serial_rivers_small_b
D:2:      layout_basic, elyvilon_altar_5, patterned_corridor

Action                   || total
-------------------------++-------
 Fire: Hand crossbow     ||    11
Armor: Robe              ||     7
Dodge: Dodged            ||     9

Table legend: (Time is in decaauts)
 A = Elapsed time spent in this place.
 B = Non-inter-level travel time spent in this place.
 C = Inter-level travel time spent in this place.
 D = Time resting spent in this place.
 E = Time spent auto-exploring this place.
 F = Levels seen in this place.
 G = Mean time per level.
                   A        B        C        D        E       F      G
               +--------+--------+--------+--------+--------+-----+--------+
         Total |     70 |     70 |      0 |      0 |      0 |   2 |   35.0 |
       Dungeon |     70 |     70 |      0 |      0 |      0 |   2 |   35.0 |
               +--------+--------+--------+--------+--------+-----+--------+

Top non-repeatable levels by time:
     D:1: 68 daAuts
     D:2: 1 daAuts
